Map: Frozen Temple

Players

Muffinmanlol

  • Race: Zerg Zerg
  • League: Master

Pokebunny - Winner!

  • Race: Terran Terran
  • League: Grandmaster

VOD

Have the link to the VOD?

Description

Time

  • Played on: April 6, 2016, 12:55 a.m.
  • Length: 11:55
Show
View Real Time Build Order
Export as new Build Order

Muffinmanlol Zerg 

Build Orders: Hatch First 

Get SALT Encoding   

  12  0:00  Drone  
  13  0:12  Overlord  
  13  0:18  Drone  
  14  0:31  Drone x2  
  14  0:34  Drone  
  17  0:52  Hatchery  
  17  0:55  Drone  
  17  0:58  Drone  
  17  1:03  Extractor  
  17  1:07  Drone  
  18  1:16  Spawning Pool  
  17  1:19  Drone  
  18  1:28  Drone  
  19  1:38  Overlord  
  19  2:02  Queen  
  19  2:03  Metabolic Boost  
  19  2:04  Queen  
  19  2:05  Zergling x4  
  19  2:07  Drone  
  26  2:11  Drone  
  27  2:15  Drone  
  28  2:23  Drone  
  28  2:28  Drone  
  30  2:36  Drone x2  
  31  2:38  Queen  
  33  2:46  Queen  
  33  2:48  Overlord  
  35  3:08  Zergling x4  
  35  3:10  Drone x3  
  40  3:14  Extractor  
  40  3:19  Drone x4  
  43  3:22  Overlord  
  43  3:40  Lair  
  43  3:41  Drone x5  
  48  3:50  Drone x3  
  48  3:55  Hatchery  
  50  4:06  Queen  
  50  4:07  Roach Warren  
  50  4:08  Drone, Extractor  
  50  4:09  Overlord  
  51  4:28  Drone, Baneling Nest  
  51  4:30  Drone  
  51  4:31  Drone x3  
  55  4:36  Overlord x2  
  55  4:44  Roach Warren  
  55  4:46  Glial Reconstitution  
  55  4:49  Roach  
  55  4:50  Roach  
  59  4:55  Overlord, Extractor  
  59  4:56  Roach x4  
  66  5:08  Overlord x2  
  66  5:09  Roach  
  66  5:10  Roach x2  
  72  5:15  Roach x2  
  72  5:19  Roach  
  78  5:22  Roach  
  78  5:26  Roach x2  
  84  5:34  Roach x3  
  86  5:49  Drone x5  
  91  6:03  Hatchery  
  90  6:05  Drone  
  90  6:10  Overlord x3  
  91  6:25  Drone  
  91  6:26  Evolution Chamber  
  91  6:27  Evolution Chamber  
  91  6:28  Drone x3  
  91  6:29  Drone x2  
  95  6:35  Infestation Pit  
  94  6:40  Roach x3  
  94  6:41  Roach  
  94  6:42  Ravager  
  94  6:43  Ravager x4  
  106  6:47  Roach  
  104  7:07  Roach x6  
  112  7:10  Zerg Missile Weapons Level 1, Zerg Ground Armor Level 1  
  112  7:23  Drone x2  
  112  7:24  Drone x5  
  112  7:28  Pathogen Glands  
  119  7:30  Ravager  
  119  7:32  Ravager  
  119  7:33  Overlord  
  121  7:44  Extractor  
  121  7:45  Extractor  
  121  7:47  Overlord x2  
  121  7:50  Drone x2  
  121  7:52  Drone x5  
  121  7:56  Drone x2  
  128  8:03  Ravager  
  129  8:08  Overlord x2, Hatchery  
  129  8:10  Roach x2  
  132  8:15  Infestor  
  132  8:16  Infestor  
  136  8:26  Overlord x2  
  136  8:29  Infestor x3  
  136  8:31  Roach  
  136  8:32  Roach  
  146  8:35  Roach x2  
  150  8:46  Roach x4  
  150  8:47  Roach  
  134  9:07  Roach  
  134  9:08  Roach x8  
  124  9:22  Roach  
  124  9:23  Roach x6  
  134  9:26  Zerg Missile Weapons Level 2  
  134  9:27  Zerg Ground Armor Level 2  
  134  9:45  Roach  
  134  9:46  Roach x8  
  134  9:50  Infestor  
  152  9:59  Roach x7  
  156  10:04  Ravager  
  157  10:12  Ravager  
  158  10:15  Roach x4  
  158  10:16  Roach x2  
  145  10:28  Infestor  
  145  10:29  Roach x3  
  120  10:44  Roach x5  
  120  10:45  Roach x3  
  120  10:48  Roach x4  
  124  10:53  Roach x3  
  124  10:56  Drone x5  
  133  11:07  Queen  
  133  11:08  Roach x4  
  133  11:10  Ravager  
  144  11:11  Infestor  
  144  11:15  Extractor  
  144  11:17  Extractor  
  93  11:34  Roach x5  
  93  11:35  Roach x7  
Show
View Real Time Build Order
Export as new Build Order

Pokebunny Terran - Winner!

Build Orders: Reaper Expand, Bio Tank 

Get SALT Encoding   

  12  0:02  SCV  
  14  0:14  SCV  
  14  0:20  Supply Depot  
  14  0:26  SCV  
  15  0:41  SCV  
  15  0:42  Barracks  
  16  0:45  Refinery  
  16  0:53  SCV  
  17  1:05  SCV  
  18  1:17  SCV  
  19  1:29  Orbital Command, Reaper  
  20  1:41  Command Center  
  20  1:54  Supply Depot  
  20  1:55  SCV  
  21  2:02  Barracks Reactor  
  21  2:08  Barracks, SCV  
  22  2:17  Barracks  
  22  2:20  SCV  
  23  2:36  SCV  
  24  2:38  Refinery  
  24  2:44  Marine x2  
  24  2:48  SCV  
  27  2:53  Orbital Command  
  27  2:57  Barracks Tech Lab  
  27  3:00  SCV  
  27  3:01  Factory  
  28  3:08  Marine x2  
  28  3:10  Marine  
  28  3:12  SCV  
  32  3:17  Marine  
  32  3:19  Stimpack  
  33  3:20  SCV  
  33  3:26  Marine x2  
  36  3:32  Supply Depot  
  36  3:40  Engineering Bay  
  36  3:41  Marine, SCV x2  
  36  3:43  Marine  
  39  3:51  Supply Depot  
  39  3:52  Starport  
  39  3:55  Factory Reactor  
  39  3:58  SCV x2  
  41  4:02  Marine  
  41  4:03  Marine x2  
  41  4:06  Marine  
  45  4:10  Terran Infantry Weapons Level 1  
  45  4:18  SCV  
  45  4:19  SCV  
  45  4:20  Supply Depot  
  45  4:23  Marine x3  
  50  4:24  Marine  
  50  4:30  SCV  
  50  4:31  SCV  
  53  4:37  Medivac x2  
  57  4:39  Factory Tech Lab  
  57  4:42  Supply Depot  
  57  4:44  SCV  
  58  4:46  SCV  
  59  4:54  Supply Depot, Marine x3  
  59  4:55  Marine  
  63  5:02  SCV  
  63  5:03  SCV  
  65  5:14  Command Center  
  65  5:16  SCV x2  
  67  5:22  Combat Shields  
  67  5:24  Medivac  
  67  5:25  Marine x4  
  61  5:50  Siege Tank  
  61  5:52  Marine x2, Medivac  
  61  5:53  Marine  
  70  5:58  Barracks x2  
  70  6:01  Refinery, Barracks Reactor  
  70  6:02  Refinery  
  70  6:03  SCV x2  
  71  6:07  Supply Depot  
  71  6:11  Marine x3  
  74  6:19  Terran Infantry Armor Level 1  
  74  6:21  SCV x2  
  76  6:27  Orbital Command  
  76  6:29  Marine x3  
  76  6:30  Supply Depot  
  79  6:33  Supply Depot  
  79  6:36  Siege Tank  
  82  6:46  Barracks Reactor  
  82  6:47  Barracks Reactor  
  82  6:48  Marine x4  
  82  6:49  Marine  
  83  7:05  Marine  
  83  7:06  Marine x3  
  83  7:07  Marine  
  83  7:08  Siege Tank  
  79  7:09  Medivac  
  81  7:17  Orbital Command  
  81  7:24  Marine  
  81  7:25  Marine x5  
  87  7:30  Armory  
  87  7:32  Engineering Bay  
  87  7:34  Supply Depot, SCV x2  
  89  7:37  Marine  
  89  7:38  Marine x2  
  89  7:40  Siege Tank  
  89  7:42  Marine  
  89  7:44  Marine x4  
  96  7:50  SCV x3  
  103  8:01  Medivac  
  103  8:02  Marine x2, Medivac, SCV x2  
  103  8:03  SCV  
  112  8:08  Supply Depot  
  111  8:14  SCV x2  
  111  8:15  Siege Tank, SCV  
  111  8:19  Supply Depot  
  117  8:21  Terran Infantry Weapons Level 2, Supply Depot  
  117  8:27  Refinery  
  117  8:28  Terran Infantry Armor Level 2  
  117  8:47  Siege Tank, Marine  
  117  8:48  Marine x6, Marauder  
  127  9:02  Medivac x2  
  107  9:14  Marine x2  
  105  9:20  Siege Tank, Marine x4, Marauder  
  111  9:26  SCV x3  
  111  9:27  Barracks  
  111  9:28  Barracks  
  111  9:29  Barracks  
  112  9:46  Marine  
  112  9:47  Marine x5, Marauder  
  117  10:01  Marine x2  
  117  10:03  Siege Tank  
  117  10:04  Marine  
  117  10:05  SCV  
  117  10:06  SCV x2  
  126  10:08  Marauder  
  126  10:10  Command Center  
  128  10:16  Marine  
  128  10:17  Barracks Tech Lab x2, Barracks Reactor, Marine  
  128  10:18  Marine x3  
  128  10:30  Marine, Marauder  
  128  10:31  Marine x2  
  128  10:34  Marine x2  
  130  10:35  Marine x2  
  130  10:36  Marine  
  121  10:48  Marine  
  118  10:51  Marauder  
  118  10:52  Marine x2, Marauder  
  118  10:53  Marine x6, Marauder  
  123  11:00  Marine  
  124  11:06  Marine  
  124  11:07  Refinery  
  124  11:08  Supply Depot  
  124  11:09  Supply Depot  
  124  11:10  Marine x3  
  128  11:12  Marauder  
  128  11:14  Marauder  
  132  11:25  Marine x4, Marauder  
  117  11:26  Marine x3  
  117  11:27  Marine  
  117  11:28  Marine x2  
  131  11:34  Marauder  
  131  11:35  Marine  
Tags
 
Add a new tag
Caveats
  • Supply blocks, unpowered buildings, or Contaminate may cause inaccurate times.
  • Supply counts are checked every 10 seconds.